Map: Magannatha LE

Players

bones - Winner!

  • Race: Terran Terran
  • Spawn Location: 11:00

VOD

Have the link to the VOD?

Description

Time

  • Played on: Aug. 9, 2025, 4:20 a.m.
  • Length: 25:11
Show
View Real Time Build Order
Export as new Build Order

bones Terran - Winner!

Build Orders:  

Get SALT Encoding   

  12  0:00  SCV  
  13  0:17  SCV  
  14  0:25  Supply Depot  
  14  0:34  SCV  
  15  0:55  SCV  
  15  0:56  Barracks  
  16  1:04  Refinery  
  16  1:12  SCV  
  17  1:23  Refinery  
  17  1:28  SCV  
  18  1:45  SCV  
  19  2:04  Orbital Command  
  19  2:27  Reaper  
  20  2:36  Factory  
  20  2:43  SCV  
  21  3:00  SCV  
  21  3:09  Supply Depot  
  22  3:36  Reaper  
  22  3:41  Command Center  
  22  3:47  SCV  
  23  3:55  Hellion  
  25  4:03  Starport  
  25  4:25  Barracks Reactor  
  25  4:26  Factory Tech Lab  
  25  4:33  SCV  
  26  4:50  SCV  
  26  4:57  Supply Depot  
  27  5:07  SCV  
  28  5:24  SCV  
  29  5:34  Raven  
  29  5:40  Marine x2  
  29  5:41  SCV  
  29  5:45  Factory Tech Lab  
  34  5:54  Orbital Command  
  34  5:58  SCV  
  35  6:05  Marine x2  
  37  6:14  Siege Tank  
  37  6:15  SCV  
  41  6:22  Barracks  
  41  6:25  Barracks  
  41  6:26  Raven  
  41  6:30  Engineering Bay  
  41  6:31  Engineering Bay  
  41  6:33  SCV x2  
  41  6:36  Marine x2  
  47  6:50  SCV x2  
  47  6:57  Supply Depot  
  47  6:59  Siege Tank  
  52  7:04  Marine  
  52  7:05  Marine  
  54  7:20  Terran Infantry Weapons Level 1  
  54  7:23  Terran Infantry Armor Level 1  
  54  7:27  SCV x2  
  54  7:29  Marine  
  57  7:30  Marine  
  57  7:34  Refinery, Stimpack  
  57  7:36  Refinery  
  57  7:38  Supply Depot  
  58  7:44  SCV x2  
  60  7:59  Marine x2  
  62  8:01  Factory Tech Lab  
  62  8:05  Starport Reactor  
  62  8:13  Marauder x2  
  62  8:19  SCV x2  
  68  8:24  Marine x2  
  70  8:39  Supply Depot  
  70  8:44  SCV x2  
  70  8:47  Marauder x2  
  70  8:49  Marine x2  
  78  8:51  Unknown  
  78  9:09  Siege Tank, SCV x2  
  83  9:14  Marine x2  
  83  9:16  Armory  
  83  9:17  Marine  
  86  9:31  Supply Depot  
  86  9:34  Supply Depot  
  86  10:00  Command Center  
  86  10:01  SCV x2  
  88  10:10  Barracks x2  
  88  10:17  SCV  
  88  10:18  SCV  
  90  10:33  Supply Depot  
  90  10:34  SCV x2  
  90  10:37  Terran Infantry Armor Level 2, Terran Infantry Weapons Level 2  
  90  10:39  Terran Vehicle Weapons Level 1  
  92  10:44  Supply Depot  
  92  10:55  Marine x3  
  92  10:56  Marine  
  92  10:58  Barracks  
  92  10:59  Barracks  
  96  11:10  Factory  
  96  11:11  Siege Tank x2  
  96  11:20  SCV x2, Marine x3  
  96  11:21  Medivac x2  
  96  11:26  Siege Tank  
  108  11:37  SCV  
  62  12:22  Marine x7  
  69  12:43  Supply Depot  
  69  12:44  Supply Depot, Barracks Reactor  
  69  12:45  Supply Depot  
  69  12:47  Marine x7  
  76  13:12  Marine x7  
  83  13:22  Terran Vehicle Weapons Level 2  
  83  13:37  Marine x3  
  88  13:42  Barracks Reactor  
  88  13:43  Barracks Reactor x3  
  88  13:47  Siege Tank  
  88  13:48  Siege Tank  
  84  13:50  Medivac x2  
  92  13:55  Marine x2  
  92  13:57  SCV  
  92  13:58  SCV  
  100  14:01  Marine  
  100  14:02  Marine x2  
  100  14:07  Orbital Command  
  103  14:20  Marine x2  
  103  14:26  Marine  
  103  14:27  Marine x2  
  108  14:41  Marine x8  
  108  14:45  Marine  
  108  14:49  Command Center  
  117  14:59  Supply Depot  
  117  15:02  Supply Depot  
  117  15:12  Refinery  
  117  15:15  Refinery  
  117  15:18  Terran Infantry Weapons Level 3  
  117  15:20  Terran Infantry Armor Level 3  
  117  15:29  Siege Tank, SCV x3, Marine x2  
  125  15:32  Siege Tank, Marine x5  
  125  15:36  Supply Depot  
  133  16:06  SCV x2, Marine x6  
  141  16:17  Supply Depot  
  141  16:19  Supply Depot  
  141  16:26  Viking, SCV, Marine x5  
  141  16:27  Viking, Siege Tank x2  
  141  16:29  SCV, Marine x2  
  100  16:30  SCV  
  160  16:31  Marine x6  
  167  16:42  Planetary Fortress  
  167  16:46  SCV x2  
  169  16:51  Marine x2  
  169  16:53  Supply Depot  
  169  16:54  Marine  
  169  16:55  SCV  
  173  17:01  Marine x10  
  173  17:03  SCV x2  
  185  17:12  Supply Depot, SCV  
  185  17:16  Marine x2  
  188  17:23  Siege Tank x2, SCV  
  188  17:26  Supply Depot, Terran Vehicle And Ship Armor Level 1  
  165  17:57  Siege Tank x5  
  163  18:01  SCV  
  163  18:02  SCV  
  163  18:04  Command Center  
  165  18:13  Supply Depot  
  165  18:14  Supply Depot x2  
  165  18:19  Supply Depot  
  165  18:44  Viking x2, Siege Tank x2, SCV x3, Marine x2  
  165  18:47  Supply Depot  
  180  19:01  SCV x3  
  183  19:18  SCV x3  
  186  19:32  Siege Tank  
  186  19:33  Siege Tank x2  
  186  19:35  SCV x3  
  189  19:52  SCV x2  
  189  19:57  Siege Tank x4  
  182  20:07  Siege Tank  
  182  20:08  Siege Tank x2  
  175  20:31  Siege Tank x4  
  166  20:47  Siege Tank x2  
  137  21:04  Siege Tank x2  
  137  21:05  Marine x13  
  137  21:08  Medivac x2  
  154  21:29  Marine  
  149  21:30  Marine x2  
  149  21:35  Marine  
  149  21:36  Marine x9  
  161  21:41  Siege Tank  
  161  21:42  Siege Tank  
  161  21:48  Siege Tank  
  161  21:49  Siege Tank  
  159  21:54  Marine  
  159  21:55  Marine x2  
  159  21:59  SCV x3  
  158  22:00  Orbital Command, Marine  
  158  22:01  Marine x9  
  155  22:45  Siege Tank x3  
  153  22:57  Marauder  
  153  22:59  Marine x12  
  167  23:24  Marine x12  
  179  23:46  Marine  
  179  23:48  Siege Tank x2  
  179  23:49  Marine x12  
  198  23:58  Refinery  
  188  24:00  Refinery  
  181  24:35  Command Center  
  181  24:42  Command Center  
Tags
 
Add a new tag
Caveats
  • Supply blocks, unpowered buildings, or Contaminate may cause inaccurate times.
  • Supply counts are checked every 10 seconds.